 Dungeon Crawl Stone Soup version 0.29.1-13-g9f3cf754e1 (webtiles) character file.

Game seed: 4310518285051174243

10577 BeingJoeMalik the Bludgeoner (level 11, -26/71 HPs)
             Began as a Gargoyle Fighter on Feb 3, 2023.
             Was an Elder of Dithmenos.
             Annihilated by an orc warlord
             ... wielding a +2 vampiric long sword
              (37 damage)
             ... on level 1 of the Orcish Mines.
             The game lasted 00:39:16 (11257 turns).

BeingJoeMalik the Bludgeoner (Gargoyle Fighter)    Turns: 11257, Time: 00:39:17

Health: -26/71     AC: 18    Str: 26    XL:     11   Next: 64%
Magic:  0/11       EV: 10    Int:  9    God:    Dithmenos [****..]
Gold:   432        SH:  5    Dex: 16    Spells: 10/10 levels left

rFire   + . .      SeeInvis +   z - +4 morningstar (freeze)
rCold   . . .      Faith    .   c - +0 buckler
rNeg    + . .      Spirit   +   i - +1 leather armour of the Furrier {rC- Dex+3 Slay+3 SInv}
rPois   ∞          Reflect  .   (helmet restricted)
rElec   +          Harm     .   y - +2 cloak
rCorr   .          Rampage  .   G - +1 pair of gloves
Will    +....                   v - +0 pair of boots
Stlth   ++........              C - amulet of guardian spirit
HPRegen 0.21/turn               e - ring of Yxtoprah {rPois rF+ rC+}
MPRegen 0.12/turn               t - +6 ring of strength

@: wreathed by umbra
A: sickness immunity, AC +8, negative energy resistance 1, electricity
resistance, torment resistance 1, petrification resistance, horns 1,
strong-willed 1
a: Renounce Religion, Shadow Step


You were on level 1 of the Orcish Mines.
You worshipped Dithmenos.
Dithmenos was greatly pleased with you.
You visited 3 branches of the dungeon, and saw 13 of its levels.

You collected 763 gold pieces.
You spent 331 gold pieces at shops.

Inventory:

Hand Weapons
 a - a +1 flail
 w - a +0 dire flail
 z - a +4 morningstar of freezing (weapon)
Missiles
 j - 36 poisoned darts
 B - a throwing net (quivered)
Armour
 c - a +0 buckler (worn)
 i - the +1 leather armour of the Furrier (worn) {rC- Dex+3 Slay+3 SInv}
   (You bought it in a shop on level 3 of the Dungeon)

   Dex:       It affects your dexterity (+3).
   Slay:      It affects your accuracy & damage with ranged weapons and melee
   (+3).
   rC:        It makes you vulnerable to cold.
   SInv:      It lets you see invisible.
 n - a +0 helmet
 v - a +0 pair of boots (worn)
 y - a +2 cloak (worn)
 G - a +1 pair of gloves (worn)
 J - a +0 kite shield
 M - +0 acid dragon scales
Magical Staves
 d - a staff of conjuration
Jewellery
 e - the ring of Yxtoprah (left hand) {rPois rF+ rC+}
   (You acquired it on level 5 of the Dungeon)

   [ring of protection from fire]

   rF:        It protects you from fire.
   rC:        It protects you from cold.
   rPois:     It protects you from poison.
 f - a ring of protection from cold
 g - a ring of positive energy
 t - a +6 ring of strength (right hand)
 u - a ring of flight
 C - an amulet of guardian spirit (around neck)
 P - a ring of protection from cold
Wands
 r - a wand of flame (39)
 x - a wand of iceblast (23)
 E - a wand of polymorph (2)
 L - a wand of charming (6)
 O - a wand of digging (5)
Scrolls
 b - a scroll of blinking
 k - a scroll of noise
 o - a scroll of vulnerability
 p - a scroll of enchant weapon
 D - a scroll of brand weapon
 F - 4 scrolls of teleportation
 I - a scroll of identify
Potions
 h - 4 potions of flight
 l - a potion of resistance
 m - 5 potions of curing
 q - a potion of cancellation
 s - 2 potions of lignification
 A - a potion of might
 H - a potion of invisibility
 K - a potion of haste
 N - a potion of heal wounds


   Skills:
 + Level 9.3 Fighting
 + Level 15.9 Maces & Flails
 - Level 3.2 Armour
 + Level 4.3 Shields


You had 10 spell levels left.
You didn't know any spells.
Your spell library contained the following spells:

 Spells                   Type           Power      Damage    Failure   Level
 Foxfire                  Conj/Fire      0%         2x1d4     52%         1
 Sandblast                Erth           0%         2d4       52%         1
 Ensorcelled Hibernation  Hex/Ice        0%         N/A       65%         2
 Passwall                 Tmut/Erth      0%         N/A       65%         2
 Confusing Touch          Hex            0%         N/A       87%         3
 Conjure Flame            Conj/Fire      0%         6-21      87%         3
 Inner Flame              Hex/Fire       0%         N/A       87%         3
 Spider Form              Tmut/Pois      0%         N/A       87%         3
 Stone Arrow              Conj/Erth      0%         3d7       87%         3
 Swiftness                Air            0%         N/A       87%         3
 Anguish                  Hex/Necr       0%         N/A       99%         4
 Animate Armour           Summ/Erth      0%         N/A       99%         4
 Flame Wave               Conj/Fire      0%         2d4       99%         4
 Blade Hands              Tmut           0%         N/A       100%        5
 Yara's Violent Unravell  Hex/Tmut       0%         3d3       100%        5
 Iron Shot                Conj/Erth      0%         9d1       100%        6
 Enfeeble                 Hex            0%         N/A       100%        7


Dungeon Overview and Level Annotations

Branches:
Dungeon (10/15)            Temple (1/1) D:7            Lair (0/5) D:9
    Orc (2/2) D:10
    Elf: Orc:2

Altars:
Ashenzari
Cheibriados
Dithmenos
Elyvilon
Fedhas
Gozag
Hepliaklqana
Kikubaaqudgha
Makhleb
Nemelex Xobeh
Okawaru
Qazlal
Ru
Sif Muna
Trog
Uskayaw
Vehumet
Wu Jian
Xom
Yredelemnul
Zin
The Shining One

Shops:
D:3 [   D:4 (   Orc:1 ?

Annotations:
D:8 1 runed translucent door, Taurus's ghost, novice FeSu


Innate Abilities, Weirdness & Mutations

You are immune to sickness and miasma.
Your stone body is resilient. (AC +8)
You are immune to poison.
You resist negative energy. (rN+)
You are resistant to electric shocks. (rElec)
You are resistant to unholy torment.
You are immune to petrification.
You have a pair of small horns on your head.
You are strong-willed. (Will+)


Message History

You hear a shout! x2
You puncture the orc warrior! You freeze the orc warrior.
You kill the orc warrior!
Dithmenos accepts your kill.
You hear a shout!
The orc priest barely misses you.
An orc warrior comes into view.
It is wielding a +0 vampiric long sword.
You block the orc priest's attack. The orc priest barely misses you.
You block the orc warlord's attack.
You climb upwards.
There is a stone staircase leading down here.
Unknown command.
You barely miss the orc priest. You headbutt the orc priest!
The orc priest is severely wounded.
You block the orc priest's attack.
The orc warlord hits you but does no damage.
The orc priest looks encouraged for a moment.
You barely miss the orc priest.
The orc priest is severely wounded.
You puncture the orc priest! You freeze the orc priest.
You kill the orc priest!
Dithmenos accepts your kill.
The orc warlord hits you with a +2 vampiric long sword.
The orc priest hits you but does no damage.
You hit the orc priest. You freeze the orc priest.
The orc priest is moderately wounded.
The orc priest hits you but does no damage.
The orc warlord hits you with a +2 vampiric long sword!!
* * * LOW HITPOINT WARNING * * *
You puncture the orc priest! You freeze the orc priest.
You kill the orc priest!
Dithmenos accepts your kill. The orc warlord completely misses you.
The orc warlord attacks as you move away!
The orc warlord barely misses you.
You see here a +0 club.
The orc warlord attacks as you move away!
The orc warlord hits you with a +2 vampiric long sword!!!
Ouch! That really hurt!
You die...

#### #..## ##...###
###......# #........###
###.#.#>..##.##
#....∩).o.....###
###..#.#..@<...#.##
#####.............)[..###
##.#.........#...).[.....##
#............###..........#
##........#.######)......##
##.#.......###.#.....####
###.......#.#.....###
##.......##......#
#.......))......##


You could see an orc warlord (strong).

Vanquished Creatures
  Erica (D:9)
  2 two-headed ogres
  An orc knight (D:10)
  A troll (D:9)
  A hornet (D:7)
  Prince Ribbit (D:9)
  5 slime creatures (D:9)
  2 wraiths
  A wyvern (D:9)
  6 yaks
  A basilisk (D:9)
  2 steam dragons
  A warg (Orc:2)
  2 acid dragons (D:10)
  3 water moccasins
  4 ice beasts
  A black bear (D:9)
  8 orc warriors
  3 centaurs
  6 ogres
  2 kobold brigands
  5 bullfrogs
  A scorpion (D:7)
  A gnoll sergeant (D:9)
  2 wights (D:8)
  14 killer bees
  3 howler monkeys
  3 hounds
  4 gnoll boudas
  5 orc priests
  2 iguanas
  Ijyb (D:3)
  10 orc wizards
  Natasha (thrice) (D:3)
  Robin (D:4)
  9 adders
  17 gnolls
  A shadow imp (D:7)
  A white imp (D:6)
  A worm (D:2)
  A dart slug (D:1)
  34 orcs
  9 ball pythons
  8 endoplasms
  6 giant cockroaches
  17 goblins
  9 hobgoblins
  6 jackals
  3 quokkas
  6 bats
  2 frilled lizards (D:1)
  21 kobolds
  7 rats
267 creatures vanquished.

Vanquished Creatures (others)
  A wight (D:8)
  2 fungi (D:9)
  29 plants
32 creatures vanquished.

Grand Total: 299 creatures vanquished

Notes
Turn   | Place    | Note
-------+----------+-------------------------------------------
     0 | D:1      | BeingJoeMalik the Gargoyle Fighter began the quest for the
                  | Orb.
     0 | D:1      | Reached XP level 1. HP: 14/14 MP: 1/1
   190 | D:1      | Reached XP level 2. HP: 19/19 MP: 2/2
   246 | D:1      | Reached skill level 3 in Maces & Flails
   537 | D:1      | Reached XP level 3. HP: 21/23 MP: 3/3
  1301 | D:2      | Reached skill level 4 in Maces & Flails
  1667 | D:2      | Reached XP level 4. HP: 28/28 MP: 4/4
  1843 | D:3      | Noticed Natasha
  1858 | D:3      | Killed Natasha
  1862 | D:3      | Noticed Natasha
  1863 | D:3      | Gained mutation: You have a pair of small horns on your
                  | head. [potion of mutation]
  1863 | D:3      | Gained mutation: You are strong-willed. (Will+) [potion of
                  | mutation]
  1866 | D:3      | Killed Natasha
  1867 | D:3      | Reached skill level 5 in Maces & Flails
  1867 | D:3      | Reached XP level 5. HP: 4/32 MP: 5/5
  2162 | D:3      | Noticed Ijyb
  2181 | D:3      | Killed Ijyb
  2213 | D:3      | Noticed Natasha
  2359 | D:3      | Identified the +1 ring mail of the Lost Path {Harm}
  2402 | D:3      | Found Ygriyler's Armour Shop.
  2614 | D:3      | Killed Natasha
  2858 | D:4      | Found Vodusut's Weapon Emporium.
  2935 | D:4      | Noticed Robin
  2945 | D:3      | Reached skill level 6 in Maces & Flails
  3000 | D:4      | Reached XP level 6. HP: 31/37 MP: 6/6
  3291 | D:3      | HP: 1/37 [goblin/+0 dagger[Robin] (3)]
  3834 | D:4      | Killed Robin
  4215 | D:5      | Entered Level 5 of the Dungeon
  4230 | D:5      | Identified a scroll of acquirement
  4230 | D:5      | Acquired the ring of Yxtoprah {rPois rF+ rC+}
  4285 | D:5      | Noticed an ice beast
  4297 | D:5      | Killed an ice beast
  4298 | D:5      | Reached skill level 7 in Maces & Flails
  4298 | D:5      | Reached XP level 7. HP: 38/41 MP: 7/7
  4642 | D:5      | Reached skill level 8 in Maces & Flails
  4748 | D:3      | Bought the +1 leather armour of the Furrier {rC- Dex+3
                  | Slay+3 SInv} for 331 gold pieces
  4999 | D:5      | Identified the +2 leather armour of Springtime {Contam rN+
                  | Regen+ MP+9}
  5416 | D:6      | Reached skill level 9 in Maces & Flails
  5416 | D:6      | Reached XP level 8. HP: 46/46 MP: 8/8
  5651 | D:6      | Reached skill level 10 in Maces & Flails
  5754 | D:6      | Found a hide-covered altar of Uskayaw.
  6588 | D:7      | Found a staircase to the Ecumenical Temple.
  6603 | Temple   | Entered the Ecumenical Temple
  6796 | Temple   | Became a worshipper of Dithmenos the Shadowed
  6867 | D:7      | Reached skill level 11 in Maces & Flails
  6899 | D:7      | Reached XP level 9. HP: 48/52 MP: 9/9
  7074 | D:7      | Noticed a hornet
  7087 | D:7      | Killed a hornet
  7273 | D:7      | Reached skill level 12 in Maces & Flails
  7276 | D:7      | Reached * piety under Dithmenos
  7387 | D:7      | Reached skill level 5 in Fighting
  7781 | D:8      | Reached ** piety under Dithmenos
  7805 | D:8      | Reached skill level 13 in Maces & Flails
  7805 | D:8      | Reached XP level 10. HP: 52/60 MP: 8/10
  7906 | D:8      | Found a runed translucent door.
  7906 | D:8      | Noticed Taurus's ghost (novice FeSu)
  8494 | D:9      | Found a staircase to the Lair.
  8557 | D:9      | Noticed Erica
  8568 | D:9      | Killed Erica
  8569 | D:9      | Reached skill level 14 in Maces & Flails
  9077 | D:9      | Noticed a two-headed ogre
  9086 | D:9      | Killed a two-headed ogre
  9087 | D:9      | Reached XP level 11. HP: 68/68 MP: 11/11
  9224 | D:9      | Noticed Prince Ribbit
  9235 | D:9      | Killed Prince Ribbit
  9236 | D:9      | Reached skill level 15 in Maces & Flails
  9368 | D:10     | Entered Level 10 of the Dungeon
  9539 | D:10     | Reached *** piety under Dithmenos
  9746 | D:10     | Noticed an orc knight
  9956 | D:10     | Found a staircase to the Orcish Mines.
  9991 | D:10     | Killed an orc knight
 10541 | D:10     | Noticed a two-headed ogre
 10548 | D:10     | Killed a two-headed ogre
 10846 | Orc:1    | Entered Level 1 of the Orcish Mines
 10846 | Orc:1    | Found Vadozeh's Magic Scroll Emporium.
 11047 | Orc:2    | Entered Level 2 of the Orcish Mines
 11207 | Orc:2    | Noticed an orc knight
 11208 | Orc:2    | Noticed an orc warlord
 11244 | Orc:2    | Reached **** piety under Dithmenos
 11257 | Orc:1    | Annihilated by an orc warlord

Illustrated notes

Levels and vault maps discovered:
D:1:      tarquinn_simple_flora_water_b, layout_basic
D:2:      layout_loops_ring, minmay_misc_feat_iff, grunt_ministairs_2,
          minmay_cupped
D:3:      layout_basic, serial_shops, shop_statue, uniq_natasha, uniq_ijyb
D:4:      layout_cave_pools, serial_shops,
          nicolae_shop_temple_entry_statues_fountains, serial_bayou,
          serial_bayou_shore_a, serial_bayou_lake_a, serial_bayou_shore_b,
          serial_bayou_ford_a, minmay_surrounded, uniq_robin
D:5:      layout_basic
D:6:      layout_basic, mainiacjoe_overflow_cross_hatched
D:7:      layout_basic, minmay_temple_entry_slanted, nrook_mini_backslash,
          chequers_serial_rivers_micro_d
D:8:      layout_rooms, ebering_ghost_inner_flame, serial_bayou_pond_a
D:9:      layout_roguey, david_lair_generic, uniq_erica, uniq_prince_ribbit1
D:10:     layout_grid_maze, orc_david_3
Temple:   minmay_crystal_snake_temple
Orc:1:    layout_diamond_mine, serial_shops, nicolae_shop_crystal,
          guppyfry_orc_lava_fort
Orc:2:    st_orc_elflike, layout_caves, kennysheep_orc_chapel, uniq_snorg,
          uniq_azrael, uniq_erolcha

Skill      XL: |  1  2  3  4  5  6  7  8  9 10 11 |
---------------+----------------------------------+-----
Maces & Flails | 3 4 5 6 7 9 11 13 14 15 | 15.9
Fighting       | 6 8 9 |  9.3
Shields        | 4 |  4.3
Armour         | |  3.2

Action                   |  1- 3 |  4- 6 |  7- 9 | 10-12 || total
-------------------------+-------+-------+-------+-------++-------
Melee: Flail             |   129 |    88 |       |       ||   217
       Headbutt          |       |    16 |    35 |    34 ||    85
       Morningstar       |       |    76 |   208 |   207 ||   491
Throw: Dart              |       |     4 |     8 |     5 ||    17
       Throwing net      |       |       |       |     2 ||     2
Evoke: Wand              |       |       |       |     2 ||     2
  Use: Potion            |       |     3 |       |     4 ||     7
       Scroll            |       |    17 |     4 |     4 ||    25
 Stab: Distracted        |       |       |     1 |       ||     1
       Held in net/web   |       |       |       |     1 ||     1
       Sleeping          |       |       |       |     1 ||     1
Armor: Scale mail        |    83 |    77 |    18 |       ||   178
       Leather armour    |       |       |   107 |    72 ||   179
Dodge: Dodged            |    73 |    86 |   149 |   115 ||   423
Block: Buckler           |    27 |    37 |    70 |    40 ||   174
